 Dungeon Crawl Stone Soup version 0.17.1-1-g73c8601 (webtiles) character file.

121 Implojin the Ruffian (level 4, 0/44 HPs)
             Began as a Troll Fighter on Mar 31, 2016.
             Slain by Implojin's ghost (17 damage)
             ... on level 5 of the Dungeon.
             The game lasted 00:02:45 (603 turns).

Implojin the Ruffian (Troll Fighter)                 Turns: 603, Time: 00:02:45

Health: 0/44       AC:  6    Str: 24    XL:     4   Next: 76%
Magic:  3/3        EV:  8    Int:  4    God:
Gold:   87         SH:  8    Dex: 10    Spells: 0 memorised, 3 levels left

rFire  . . .     SeeInvis .       - Unarmed
rCold  . . .     Clarity  .     a - +0 robe
rNeg   . . .     SustAt   .     b - +0 shield
rPois  .         Gourm    +     (helmet restricted)
rElec  .         Spirit   .     k - +0 cloak
rCorr  .         Warding  .     (gloves unavailable)
rMut   .         Stasis   .     (boots unavailable)
MR     .....                    (no amulet)
Stlth  +.........               (no ring)
                                (no ring)

@: not resistant to hostile enchantments, very unstealthy
A: unfitting armour, claws 3, fast metabolism 3, gourmand, regeneration 2,
shaggy fur 1, tough skin 2
a: no special abilities


You were on level 5 of the Dungeon.
You were not hungry.

You visited 1 branch of the dungeon, and saw 5 of its levels.

You collected 87 gold pieces.

Inventory:

Missiles
 n - 4 tomahawks (quivered)
Armour
 a - a +0 robe (worn)
 b - a +0 shield (worn)
 k - a +0 cloak (worn)
Scrolls
 h - a scroll of remove curse {unknown}
 i - a scroll of magic mapping
 j - a scroll of fear {unknown}
 m - a scroll of enchant weapon {unknown}
 p - a scroll of identify {unknown}
Potions
 c - 2 potions of might
 e - 2 potions of haste {unknown}
 f - 2 potions of curing {unknown}
 g - a potion of ambrosia {unknown}
 l - a potion of brilliance {unknown}
 o - a potion of flight {unknown}
Comestibles
 d - 2 bread rations


   Skills:
 - Level 2.4 Fighting
 - Level 2.4 Dodging
 - Level 2.4 Shields
 * Level 5.0 Unarmed Combat


You had 3 spell levels left.
You didn't know any spells.

Dungeon Overview and Level Annotations

Branches:
Dungeon (5/15)
 Temple: D:4-7

Altars:
Ashenzari
Elyvilon

Annotations:
D:5 Implojin's ghost, amateur TrFi


Innate Abilities, Weirdness & Mutations

You are too large for most types of armour.
You have claws for hands.
Your metabolism is lightning-fast.
You like to eat raw meat.
You heal very quickly.
You are covered in fur (AC +1).
You have very tough skin (AC +2).


Message History

You climb downwards.
Implojin's ghost (amateur Troll Fighter) comes into view.
Found a robe.
There is a stone staircase leading up here.
Read which item? (? for menu, Esc to quit)
As you read the scroll labeled EGU RESUEJA, it crumbles to dust.
You feel aware of your surroundings.
You sensed 1 altar.
It was a scroll of magic mapping.
Implojin's ghost turns its malevolent gaze towards you.
Unknown command.
Found a scroll labeled UVISME RIRPH.
A quokka zombie comes into view.
Implojin's ghost hits you!!
* * * LOW HITPOINT WARNING * * *
You see here a robe.
Implojin's ghost shrieks, "Death is your only future!"
There is a stone staircase leading up here.
Found a bread ration.
You barely miss Implojin's ghost. Implojin's ghost closely misses you.
You barely miss Implojin's ghost. Implojin's ghost hits you.
* * * LOW HITPOINT WARNING * * *
You scratch Implojin's ghost but do no damage.
Implojin's ghost barely misses you.
You claw Implojin's ghost!
Implojin's ghost is lightly damaged.
You block Implojin's ghost's attack.
You scratch Implojin's ghost.
Implojin's ghost is moderately damaged.
You block Implojin's ghost's attack.
You barely miss Implojin's ghost.
Implojin's ghost is moderately damaged.
You block Implojin's ghost's attack.
You claw Implojin's ghost!
Implojin's ghost is heavily damaged.
Implojin's ghost hits you!
* * * LOW HITPOINT WARNING * * *
You scratch Implojin's ghost.
Implojin's ghost is heavily damaged.
Implojin's ghost hits you!
You die...

*,,,*,*****#%...###.#
****,,,*,*,,,,+........*
,,,,,,,,,*,***#......#**
,,,,,,,,,*,,,,+......#
,,,,,,,,,######......#
,,,,,,,,,........#...#
*****+***#######Z#...#
*,,,,,,* #W#...#
*,,,,,,* #@#<.##
,,,,,,,* #.#..# ,,,,,,,*
#.#Z.# ,,,,,,,* #.#[.#
,,,,,,** #.#..# ,,,,,,*
#.#..#****** ,,,,,,*
#.....,,,,,* *****,*
#......,,,,* *,*
*.?.....,,,*


You could see Implojin's ghost and a quokka zombie.

Vanquished Creatures
  An orc priest (D:4)
  A hound (D:4)
  Natasha (D:1)
  An adder (D:3)
  A worm (D:3)
  6 orcs (D:4)
  A ball python (D:2)
  A giant cockroach (D:4)
  A hobgoblin (D:1)
  6 bats
  2 goblins (D:2)
  3 jackals (D:2)
  A rat (D:2)
26 creatures vanquished.

Notes
Turn   | Place    | Note
--------------------------------------------------------------
     0 | D:1      | Implojin the Troll Fighter began the quest for the Orb.
     0 | D:1      | Reached XP level 1. HP: 22/22 MP: 0/0
   109 | D:2      | Noticed Natasha
   112 | D:2      | Noticed an iron imp
   125 | D:1      | Killed Natasha
   125 | D:1      | Reached skill level 3 in Unarmed Combat
   125 | D:1      | Reached XP level 2. HP: 11/29 MP: 1/1
   151 | D:2      | Reached XP level 3. HP: 27/36 MP: 2/2
   365 | D:3      | Reached skill level 4 in Unarmed Combat
   385 | D:4      | Found a shattered altar of Ashenzari.
   407 | D:4      | Reached XP level 4. HP: 30/44 MP: 3/3
   453 | D:4      | Found a white marble altar of Elyvilon.
   547 | D:4      | Reached skill level 5 in Unarmed Combat
   580 | D:5      | Entered Level 5 of the Dungeon
   580 | D:5      | Noticed Implojin's ghost (amateur TrFi)
   603 | D:5      | Slain by Implojin's ghost

Action                   |  1- 3 |  4- 6 || total
-------------------------+-------+-------++-------
Melee: Unarmed           |    61 |    32 ||    93
  Use: Scroll            |       |     1 ||     1
 Stab: Sleeping          |     1 |       ||     1
  Eat: Chunk             |     1 |     2 ||     3

Table legend:
 A = Turns spent in this place as a percentage of turns spent in the entire game.
 B = Non-inter-level travel turns spent in this place as a percentage of non-inter-level travel turns spent in the entire game.
 C = Inter-level travel turns spent in this place as a percentage of turns spent in this place.
 D = Turns resting spent in this place as a percentage of non-inter-level travel turns spent in this place.
 E = Turns spent auto-exploring this place as a percentage of non-inter-level travel turns spent in this place.
 F = Non-inter-level travel turns spent in this place divided by the number of levels of this place that you've seen.
                   A       B       C       D       E      F
               +-------+-------+-------+-------+-------+----------------------
         Total | 100.0 | 100.0 |   0.0 |   0.0 |   0.0 | 116.0
       Dungeon | 100.0 | 100.0 |   0.0 |   0.0 |   0.0 | 116.0
               +-------+-------+-------+-------+-------+----------------------

Table legend:
 A = Kills in this place as a percentage of kills in entire the game.
 B = Kills by you in this place as a percentage of kills by you in the entire game.
 C = Kills by friends in this place as a percentage of kills by friends in the entire game.
 D = Other kills in this place as a percentage of other kills in the entire game.
 E = Experience gained in this place as a percentage of experience gained in the entire game.
 F = Experience gained in this place divided by the number of levels of this place that you have seen.
                   A       B       C       D       E      F
               +-------+-------+-------+-------+-------+----------------------
         Total | 100.0 | 100.0 |  -nan |  -nan | 100.0 |  34.6
       Dungeon | 100.0 | 100.0 |  -nan |  -nan | 100.0 |  34.6
               +-------+-------+-------+-------+-------+----------------------
